 Dungeon Crawl Stone Soup version 0.20.1-1-g8b1a95d (webtiles) character file.

2688 Thjof the Slasher (level 9, 65/69 HPs)
             Began as a Demonspawn Monk on Nov 13, 2017.
             Was an Initiate of Gozag.
             Quit the game on level 7 of the Dungeon.
             The game lasted 01:30:59 (6064 turns).

Thjof the Slasher (Demonspawn Monk)                 Turns: 6064, Time: 01:31:00

Health: 65/69      AC:  9    Str: 16    XL:     9   Next: 38%
Magic:  13/18      EV: 11    Int: 11    God:    Gozag
Gold:   560        SH: 11    Dex: 17    Spells: 8/8 levels left

rFire    . . .     SeeInvis .   a - +4 falchion of the Eternal Warrior {slice, MR+ MP+9}
rCold    . . .     Gourm    .   P - +2 shield
rNeg     . . .     Faith    .   p - +0 ring mail
rPois    .         Spirit   .   J - +0 helmet
rElec    .         Reflect  .   (no cloak)
rCorr    .         Harm     .   (no gloves)
MR       ++...                  (no boots)
Stlth    ++........             R - amulet of rage
Regen    0.3/turn               (no ring)
MPRegen  0.2/turn               (no ring)

@: no status effects
A: hooves 1, slimy green scales 1, foul stench 1, magic resistance 1, powered by
pain 1, strong 1, rot immunity
a: Potion Petition, Call Merchant, Bribe Branch, Renounce Religion, Evoke
Berserk Rage


You were on level 7 of the Dungeon.
You worshipped Gozag.
Gozag was pleased with you.
You were not hungry.

You visited 1 branch of the dungeon, and saw 7 of its levels.

You collected 760 gold pieces.
You spent 200 gold pieces at shops.

Inventory:

Hand Weapons
 a - the +4 falchion of the Eternal Warrior (weapon) {slice, MR+ MP+9}
   (You bought it in a shop on level 4 of the Dungeon)

   It inflicts extra damage upon your enemies.
   It affects your resistance to hostile enchantments.
   It affects your magic capacity (+9).
 b - a +0 hunting sling
 g - a +0 shortbow
 h - a +0 shortbow
Missiles
 e - 15 bolts
 i - 212 arrows
 x - 38 sling bullets
 D - 82 stones
 K - 18 poisoned needles
 X - a tomahawk (quivered)
Armour
 d - a +0 robe
 f - a cursed +0 pair of gloves
 p - a +0 ring mail (worn)
 J - a +0 helmet (worn)
 P - a +2 shield (worn)
Jewellery
 R - an amulet of rage (around neck)
Scrolls
 m - 3 scrolls of remove curse
 q - 2 scrolls of noise {unknown}
 r - 3 scrolls of identify
 t - 2 scrolls of recharging
 u - a scroll of magic mapping
 w - a scroll of teleportation {unknown}
 C - a scroll of holy word {unknown}
 E - a scroll of fog {unknown}
 T - 2 scrolls of blinking {unknown}
Potions
 s - a potion of lignification
 A - 2 potions of curing
 O - a potion of magic {unknown}
Comestibles
 c - 9 bread rations
 j - 3 meat rations
 o - 3 fruits


   Skills:
 + Level 6.1 Fighting
 + Level 6.5 Long Blades
 + Level 5.0 Slings
 + Level 4.6 Armour
 + Level 4.5 Dodging
 + Level 2.9 Stealth
 + Level 2.8 Shields


You had 8 spell levels left.
You didn't know any spells.

Dungeon Overview and Level Annotations

Branches:
Dungeon (7/15)             Temple (0/1) D:5

Altars:
Gozag

Shops:
D:4 (


Innate Abilities, Weirdness & Mutations

You have large cloven feet.
You are partially covered in slimy green scales. (AC +2)
You may emit foul miasma when damaged in melee.
You sometimes gain a little power by taking damage.
You are immune to rotting.
You are resistant to hostile enchantments. (MR+)
Your muscles are strong. (Str +2)


Message History

Press: ? - help, Shift-Dir - straight line, f/p - quokka
Aim: a quokka (severely wounded)
You shoot a sling bullet. The sling bullet hits the quokka.
You kill the quokka!
a - the +4 falchion of the Eternal Warrior (weapon)
{slice, MR+ MP+9}
i - 191 arrows (gained 1)
i - 192 arrows (gained 1)
i - 201 arrows (gained 9)
You now have 545 gold pieces (gained 8).
x - 32 sling bullets (gained 4)
You now have 560 gold pieces (gained 15).
x - 33 sling bullets (gained 1);
i - 212 arrows (gained 11)
You see here a shortbow.
h - a shortbow
x - 35 sling bullets (gained 2)
x - 36 sling bullets (gained 1)
x - 37 sling bullets (gained 1)
x - 38 sling bullets (gained 1)
Found a stone staircase leading up.
Are you sure you want to abandon this character and quit the game? (Confirm with "yes".)

#######+########
...............#######
.....................#
.....................#
...<.................+
.....................##+
.........##+###.........
#+#...@.# #.........
#.....# #......... .#
#.....+ #######... .#
#.....# #... .# #.....#
#... .# #.....# +... .##
#.....# #####... ..#
#...... #....... ..#
.... #.......


There were no monsters in sight!

Vanquished Creatures
  Pikel (D:6)
  A water moccasin (D:7)
  2 phantoms
  An orc warrior (D:6)
  A sky beast (D:6)
  2 slaves (D:6)
  4 ice beasts
  An ogre (D:4)
  A necrophage (D:5)
  2 centaurs (D:7)
  A bullfrog (D:6)
  3 scorpions
  2 crimson imps (D:4)
  2 centaur zombies
  3 hounds
  2 jellies (D:5)
  A bullfrog skeleton (D:4)
  3 orc priests
  A centaur skeleton (D:4)
  2 iguanas
  4 orc wizards
  A worker ant (D:6)
  A hound skeleton (D:6)
  A worker ant zombie (D:5)
  4 gnolls (D:4)
  6 adders
  2 shadow imps (D:5)
  An ooze (D:3)
  2 adder skeletons
  2 worms
  3 leopard geckos
  25 orcs
  5 giant cockroaches
  6 goblins
  3 hobgoblins
  4 jackals (D:1)
  6 kobolds
  6 quokkas
  2 ball pythons
  8 bats
  6 frilled lizards
  A giant cockroach zombie (D:6)
  14 rats
  A plant (D:5)
150 creatures vanquished.

Vanquished Creatures (others)
  4 toadstools (D:1)
4 creatures vanquished.

Grand Total: 154 creatures vanquished

Notes
Turn   | Place    | Note
-------+----------+-------------------------------------------
     0 | D:1      | Thjof the Demonspawn Monk began the quest for the Orb.
     0 | D:1      | Reached XP level 1. HP: 18/18 MP: 1/1
   162 | D:1      | Gained mutation: You are immune to rotting. [demonic ancestry]
   162 | D:1      | Reached XP level 2. HP: 17/24 MP: 2/2
   606 | D:1      | Gained mutation: You are partially covered in slimy green scales. (AC +2) [demonic ancestry]
   606 | D:1      | Reached XP level 3. HP: 17/29 MP: 3/3
  1873 | D:3      | Gained mutation: You sometimes gain a little power by taking damage. [demonic ancestry]
  1873 | D:3      | Reached XP level 4. HP: 37/37 MP: 4/4
  1976 | D:3      | Reached skill level 1 in Slings
  2043 | D:3      | Reached skill level 1 in Armour
  2102 | D:3      | Gained mutation: You may emit foul miasma when damaged in melee. [demonic ancestry]
  2102 | D:3      | Reached XP level 5. HP: 24/42 MP: 5/5
  2633 | D:4      | Noticed an ogre
  2651 | D:4      | Killed an ogre
  2651 | D:4      | Reached XP level 6. HP: 31/49 MP: 6/6
  3337 | D:4      | Found Nyjez's Antique Weapon Emporium.
  3354 | D:4      | Noticed an ice beast
  3380 | D:4      | Killed an ice beast
  3380 | D:4      | Reached XP level 7. HP: 17/55 MP: 7/7
  3414 | D:4      | Bought a smoking falchion for 200 gold pieces
  3414 | D:4      | Identified the +4 falchion of the Eternal Warrior {slice, MR+ MP+9} (You bought it in a shop on level 4 of the Dungeon)
  3646 | D:5      | Entered Level 5 of the Dungeon
  3733 | D:5      | Got an ichor-stained battleaxe
  3785 | D:5      | Found an opulent altar of Gozag.
  3788 | D:5      | Became a worshipper of Gozag Ym Sagoz the Greedy
  3824 | D:5      | Identified the +8 battleaxe of Qygeenuik {chop, rElec Str+4} (You found it on level 5 of the Dungeon)
  4072 | D:5      | Reached skill level 5 in Fighting
  4233 | D:5      | Gained mutation: You have large cloven feet. [demonic ancestry]
  4233 | D:5      | Reached XP level 8. HP: 53/62 MP: 8/8
  4377 | D:5      | Reached skill level 5 in Long Blades
  4745 | D:5      | Found a staircase to the Ecumenical Temple.
  4794 | D:5      | Gained mutation: You are frail. (-10% HP) [potion of mutation]
  4794 | D:5      | Gained mutation: You are agile. (Dex +2) [potion of mutation]
  4795 | D:5      | Lost mutation: You are frail. (-10% HP) [potion of mutation]
  4795 | D:5      | Lost mutation: You are agile. (Dex +2) [potion of mutation]
  4795 | D:5      | Gained mutation: Your muscles are strong. (Str +2) [potion of mutation]
  4795 | D:5      | Gained mutation: You are resistant to hostile enchantments. (MR+) [potion of mutation]
  4979 | D:6      | Noticed Pikel
  4985 | D:6      | Reached skill level 1 in Shields
  4993 | D:6      | Killed Pikel
  5505 | D:6      | Reached XP level 9. HP: 68/69 MP: 9/9
  6032 | D:7      | Reached skill level 5 in Slings
  6064 | D:7      | Quit the game

Skill      XL: |  1  2  3  4  5  6  7  8  9 |
---------------+----------------------------+-----
Dodging        | 3 4 |  4.5
Stealth        | 2 |  2.9
Long Blades    | 3 4 5 6 |  6.5
Fighting       | 4 5 6 |  6.1
Slings         | 1 2 4 5 |  5.0
Armour         | 1 2 3 4 |  4.6
Shields        | 2 |  2.8

Action                   |  1- 3 |  4- 6 |  7- 9 || total
-------------------------+-------+-------+-------++-------
Melee: Falchion          |   132 |   254 |   212 ||   598
       Kick              |       |       |    58 ||    58
 Fire: Hunting sling     |    17 |    37 |    81 ||   135
Throw: Tomahawk          |    28 |    16 |    24 ||    68
       Stone             |     1 |     7 |     1 ||     9
Invok: Potion Petition   |       |       |     1 ||     1
  Use: Scroll            |       |     4 |     5 ||     9
       Potion            |       |     4 |     2 ||     6
 Stab: Sleeping          |     5 |     5 |       ||    10
  Eat: Chunk             |     3 |     5 |     1 ||     9
       Royal jelly       |       |     1 |     1 ||     2
       Meat ration       |       |       |     1 ||     1
Armor: Robe              |    18 |       |       ||    18
       Ring mail         |    15 |    79 |    45 ||   139
Dodge: Dodged            |   101 |   166 |    61 ||   328
Block: Shield            |       |       |    76 ||    76
       Rpst.: Falchion   |    32 |    57 |    19 ||   108
